 Dungeon Crawl Stone Soup version 0.31-a0-364-gb59cdcccf2 (webtiles) character file.

Game seed: 16545451854170173109

77137 ketsa the Destroyer (level 15, -2/89 HPs)
             Began as a Gargoyle Earth Elementalist on July 17, 2023.
             Was the Champion of Makhleb.
             Slain by Kirke (11 damage)
             ... on level 13 of the Dungeon on July 27, 2023.
             The game lasted 02:22:41 (32408 turns).

ketsa the Destroyer (Gargoyle Earth Elementalist)  Turns: 32408, Time: 02:22:42

Health: -2/89      AC:  0    Str: 13    XL:     15   Next: 55%
Magic:  27/29      EV: 15    Int: 22    God:    Makhleb [******]
Gold:   744        SH:  0    Dex: 10    Spells: 8/35 levels left

rFire   . . .        u - melded staff of air
rCold   . . .        (shield currently unavailable)
rNeg    + . .        q - melded +2 robe {rC+ rF+}
rPois   ∞            y - melded +1 hat {Int+3}
rElec   .            c - melded scarf {shadows}
rCorr   .            a - melded +0 pair of gloves
SInv    .            (boots currently unavailable)
Will    +....        B - amulet of magic regeneration
Stlth   +++          D - melded +5 ring of evasion
HPRegen 0.34/turn    (ring currently unavailable)
MPRegen 0.61/turn

%: no passive effects
@: about to teleport, pig-form, slowed
A: fast, no casting, sickness immunity, AC +11, small, (big wings), negative
energy resistance 1, (electricity resistance), torment resistance 1,
petrification resistance
a: Renounce Religion, Minor Destruction, Lesser Servant of Makhleb, Major
Destruction, Greater Servant of Makhleb


You were on level 13 of the Dungeon.
You worshipped Makhleb.
Makhleb was exalted by your worship.
You were a filthy swine.
You visited 8 branches of the dungeon, and saw 26 of its levels.
You also visited: Gauntlet.

You collected 1572 gold pieces.
You spent 828 gold pieces at shops.

Inventory:

Hand Weapons
 d - a +0 spear
 f - a +5 scimitar of freezing
 i - a +3 dagger
 P - the +0 longbow of Tumult {drain, rF+}
   (You found it on level 5 of the Lair of Beasts)

   rF:        It protects you from fire.
Missiles
 n - 39 poisoned darts
 z - 22 boomerangs
 S - a throwing net
 T - a curare-tipped dart
Armour
 a - a +0 pair of gloves (melded)
 c - a scarf of shadows (melded)
 h - a +0 cloak
 q - a +2 robe of resistance (melded)
 v - a +0 troll leather armour
 x - a +2 cloak
 y - a +1 hat of intelligence (melded)
 A - the +7 leather armour of Proximity {Will+ Str-5 Dex+3}
   (You found it on level 3 of the Lair of Beasts)

   Str:       It affects your strength (-5).
   Dex:       It affects your dexterity (+3).
   Will:      It increases your willpower.
 E - a +2 robe of fire resistance
 L - +0 acid dragon scales
 O - a +2 hat of willpower
 Q - a +0 kite shield
 R - the +2 helmet of Gallantry {-Tele rElec Dex+2}
   (You found it on level 5 of the Lair of Beasts)

   Dex:       It affects your dexterity (+2).
   rElec:     It insulates you from electricity.
   -Tele:     It prevents most forms of teleportation.
 U - +0 acid dragon scales
 W - a +2 hat of see invisible
Magical Staves
 u - a staff of air (melded)
Jewellery
 m - an amulet of regeneration
 o - an amulet of guardian spirit
 B - an amulet of magic regeneration (around neck)
 D - a +5 ring of evasion (melded)
Talismans
 C - a serpent talisman
Wands
 b - a wand of paralysis (6)
 l - a wand of flame (9)
 K - a wand of mindburst (15)
 N - a wand of iceblast (8)
Scrolls
 e - 7 scrolls of identify
 g - 3 scrolls of immolation
 j - 4 scrolls of fog
 k - 2 scrolls of enchant armour
 r - 3 scrolls of vulnerability
 t - 4 scrolls of enchant weapon
 F - a scroll of teleportation
 H - 2 scrolls of poison
 I - a scroll of revelation
 Z - a scroll of amnesia
Potions
 p - 4 potions of curing
 s - 2 potions of might
 w - a potion of attraction {unknown}
 G - a potion of lignification
 J - a potion of enlightenment
 M - 2 potions of ambrosia
 V - 2 potions of brilliance
 X - a potion of berserk rage {unknown}


   Skills:
 + Level 8.7 Fighting
 - Level 3.6 Staves
 - Level 6.3 Armour
 - Level 5.0 Dodging
 - Level 6.0 Stealth
 + Level 10.9 Spellcasting
 + Level 13.2 Conjurations
 - Level 5.0 Hexes
 - Level 5.0 Transmutations
 - Level 7.0 Ice Magic
 - Level 5.0 Air Magic
 + Level 11.6 Earth Magic
 - Level 7.1 Poison Magic
 + Level 5.7 Invocations


You had 8 spell levels left.
You knew the following spells:

 Your Spells              Type           Power      Damage    Failure   Level
a - Sandblast             Erth           100%       2d20      1%          1
b - Passwall              Tmut/Erth      40%        N/A       1%          2
c - Stone Arrow           Conj/Erth      100%       3d13      1%          3
d - Slow                  Hex            100%       N/A       1%          1
e - Mephitic Cloud        Conj/Pois/Air  49%        N/A       1%          3
f - Petrify               Tmut/Erth      48%        N/A       1%          4
g - Hailstorm             Conj/Ice       54%        3d12      1%          3
h - Freezing Cloud        Conj/Ice/Air   24%        6-21      4%          5
i - Lee's Rapid Deconstr  Erth           29%        3d15*     1%          5

Your spell library contained the following spells:

 Spells                   Type           Power      Damage    Failure   Level
 Foxfire                  Conj/Fire      100%       2x1d9     1%          1
 Sting                    Tmut/Pois      100%       1d8       1%          1
 Poisonous Vapours        Pois/Air       76%        N/A       1%          2
 Wereblood                Tmut           34%        N/A       1%          2
 Frozen Ramparts          Ice            84%        1d13      1%          3
 Confusing Touch          Hex            34%        N/A       2%          3
 Olgreb's Toxic Radiance  Pois           43%        N/A       3%          4
 Irradiate                Conj/Tmut      25%        3d20      3%          5
 Animate Armour           Summ/Erth      74%        N/A       4%          4
 Cause Fear               Hex            17%        N/A       7%          4
 Summon Ice Beast         Ice/Summ       27%        N/A       13%         4
 Metabolic Englaciation   Hex/Ice        19%        N/A       13%         5
 Vampiric Draining        Necr           12%        2d6       17%         3
 Anguish                  Hex/Necr       11%        N/A       21%         4
 Summon Lightning Spire   Summ/Air       23%        N/A       21%         4
 Silence                  Hex/Air        17%        N/A       21%         5
 Manifold Assault         Tloc           12%        N/A       50%         4
 Passage of Golubria      Tloc           12%        N/A       50%         4
 Starburst                Conj/Fire      20%        6d7       50%         6
 Simulacrum               Ice/Necr       13%        N/A       90%         6
 Lehudib's Crystal Spear  Conj/Erth      30%        10d8      91%         8
 Plasma Beam              Fire/Air       11%        2x1d22    97%         6
 Enfeeble                 Hex            17%        N/A       99%         7
 Dispersal                Tloc           6%         N/A       100%        6
 Disjunction              Tloc           6%         N/A       100%        8


Dungeon Overview and Level Annotations

Branches:
Dungeon (14/15)            Temple (1/1) D:5            Lair (5/5) D:10
  Swamp (1/4) Lair:3        Snake (1/4) Lair:3        Slime (1/5) Lair:4
    Orc (2/2) D:12            Elf (1/3) Orc:2        Vaults (0/5) D:13
Gauntlet (visited)

Altars:
Ashenzari
Cheibriados
Dithmenos
Elyvilon
Fedhas
Gozag
Hepliaklqana
Kikubaaqudgha
Makhleb
Nemelex Xobeh
Okawaru
Qazlal
Ru
Sif Muna
Trog
Uskayaw
Vehumet
Wu Jian
Xom
Yredelemnul
Zin
The Shining One
Jiyva

Shops:
D:2 [   D:4 *   D:9 (   D:12 *   Orc:2 (*[:

Annotations:
D:6 exclusion: downstairs
D:8 6 runed translucent doors
D:12 Frances
D:13 Kirke
Lair:1 3 runed translucent doors, bmj180's ghost, journeyman MfIE
Lair:4 exclusion: downstairs


Innate Abilities, Weirdness & Mutations

You are a filthy swine.
You move quickly.
Your equipment is almost entirely melded.
You are incapable of wielding weapons or throwing items.
You cannot cast spells.
You are immune to sickness and miasma.
((Your stone body is resilient. (AC +11)))
You are immune to poison.
((Your large and strong wings let you fly.))
You resist negative energy. (rN+)
((You are resistant to electric shocks. (rElec)))
You are resistant to unholy torment.
You are immune to petrification.


Message History

Your +5 ring of evasion unmelds from your body.
It gets dark.
You feel clever.
You feel resistant to extremes of temperature.
You feel yourself speed up.
You carefully extract the barbed spikes from your body.
Something hits you but does no damage. Something closely misses you.
Casting: Lee's Rapid Deconstruction (dangerous; 1% risk of failure)
Confirm with . or Enter, or press ? or * to list all spells.
You can't see any susceptible monsters within range! (Use Z to cast anyway.)
Casting: Lee's Rapid Deconstruction (dangerous; 1% risk of failure)
Confirm with . or Enter, or press ? or * to list all spells.
Aiming: Lee's Rapid Deconstruction (dangerous; 1% risk of failure)
Press: ? - help, Dir - move target A rock wall.
The wall shatters!
The blast of rock fragments hits something!!
You hear some strange, mumbled words.
You turn into a filthy swine.
Your staff of air melds into your body.
Your scarf of shadows melds into your body.
Your +1 hat of intelligence melds into your body.
Your +0 pair of gloves melds into your body.
Your +2 robe of resistance melds into your body.
Your +5 ring of evasion melds into your body.
The dungeon's light returns to normal.
You feel stupid.
You feel hot and cold all over.
Okay, then.
As you read the scroll of teleportation, it crumbles to dust.
You feel strangely unstable.
You hear some strange, mumbled words.
Something tries to affect you, but you resist.
You hit something. You closely miss something. Something hits you!
* * * LOW HITPOINT WARNING * * *
You hit something.
You hear some strange, mumbled words.
You feel yourself slow down. Something hits you!
You die...

##~~~##.(.~~~~
##~~~~~..#~~~~~
#####~~~~~~~#~†~~~~
#....~~~~~~~#~~~~~~
#....#~~~~~##~~~~~~
#....##~~~.###~~~~~
#....#......###~~~~
#{...#......###~~~~
#.h..'......'.~~~~~
#....#.....<#~~~~~~
#....#......~~~†~~~
######......~~~~~~~
#......#~~~~~#
##~~######~~~##
##~~~~##~###~##
#~~~~~#~~~####
#~~~~~~~~~~##


There were no monsters in sight!

Vanquished Creatures
  Gastronok (Lair:1)
  A dire elephant (Lair:5)
  Snorg (Orc:1)
  4 vault guards (D:13)
  Harold (Lair:1)
  7 hydras
  2 centaur warriors (D:13)
  5 two-headed ogres
  A boulder beetle (D:13)
  8 death yaks
  A deep troll shaman (Lair:5)
  3 catoblepae
  4 orc high priests (Orc:2)
  Nergalle (Lair:3)
  A skyshark (Lair:5)
  Pikel (D:7)
  A deep elf pyromancer (Elf:1)
  A deep elf zephyrmancer (Elf:1)
  3 ugly things
  6 orc knights
  5 orc sorcerers
  3 cyclopes
  2 elephants (Lair:5)
  2 manticores (Lair:3)
  2 black mambas
  A gargoyle (D:13)
  14 cane toads
  An unseen horror (D:8)
  Maggie (D:7)
  A yaktaur (D:13)
  A freezing wraith (D:14)
  3 komodo dragons
  5 kobold demonologists
  5 trolls
  2 tengu conjurers (D:13)
  2 hornets (D:7)
  7 polar bears
  A queen bee (shapeshifter) (D:13)
  Prince Ribbit (D:7)
  A tyrant leech (Lair:3)
  Grinder (D:5)
  11 blink frogs
  12 dream sheep
  10 slime creatures
  2 shadows
  A water elemental (D:13)
  3 wraiths
  64 yaks
  A vampire (D:13)
  4 redbacks (D:8)
  2 basilisks
  4 wyverns
  4 hogs
  A human (D:13)
  A steam dragon (D:7)
  Menkaure (D:7)
  A swamp worm (Lair:3)
  3 acid dragons
  2 nagas (Lair:3)
  12 water moccasins
  3 wargs
  32 orc warriors
  A sky beast (D:6)
  6 ogres
  5 wolves (Lair:5)
  7 centaurs
  A lemure (D:7)
  4 kobold brigands
  6 phantoms
  9 bullfrogs
  Blork the orc (D:5)
  A scorpion (D:7)
  18 wights
  8 killer bees
  10 electric eels
  6 howler monkeys
  2 bullfrog zombies (D:5)
  25 orc priests
  7 hounds
  6 jellies
  A centaur skeleton (D:5)
  An iguana (D:3)
  A sleepcap (D:7)
  Ijyb (D:3)
  27 orc wizards
  2 scorpion zombies (D:5)
  A hound zombie (D:5)
  A howler monkey zombie (D:5)
  7 adders
  3 gnolls (D:4)
  A shadow imp (D:7)
  3 white imps
  2 ufetubi
  11 worms
  3 dart slugs
  90 orcs
  3 bats
  5 endoplasms
  5 giant cockroaches
  12 goblins
  8 hobgoblins
  4 jackals
  3 quokkas
  3 training dummies (D:9)
  3 ball pythons
  6 frilled lizards
  13 kobolds
  5 rats
636 creatures vanquished.

Notes
Turn   | Place    | Note
-------+----------+-------------------------------------------
     0 | D:1      | ketsa the Gargoyle Earth Elementalist began the quest for
                  | the Orb.
     0 | D:1      | Reached XP level 1. HP: 10/10 MP: 3/3
   151 | D:1      | Reached skill level 1 in Transmutations
   154 | D:1      | Reached XP level 2. HP: 15/15 MP: 0/5
  1079 | D:2      | Reached XP level 3. HP: 19/19 MP: 4/6
  1178 | D:2      | Found a faded altar of an unknown god.
  1179 | D:2      | Found Lomm's Antique Armour Shop.
  1572 | D:2      | Learned a level 2 spell: Passwall
  1890 | D:2      | Reached XP level 4. HP: 24/24 MP: 5/7
  2431 | D:3      | Reached skill level 5 in Earth Magic
  2770 | D:3      | Noticed Ijyb
  2771 | D:3      | Paralysed by Ijyb for 3 turns
  2776 | D:3      | Paralysed by Ijyb for 4 turns
  2782 | D:3      | Paralysed by Ijyb for 3 turns
  2786 | D:3      | Paralysed by Ijyb for 2 turns
  2790 | D:3      | Killed Ijyb
  2791 | D:3      | Reached XP level 5. HP: 23/28 MP: 5/9
  2941 | D:3      | Reached skill level 1 in Conjurations
  3448 | D:3      | Reached skill level 2 in Conjurations
  3448 | D:3      | Reached XP level 6. HP: 29/32 MP: 3/10
  3652 | D:2      | Bought a runed hat for 161 gold pieces
  4059 | D:4      | Learned a level 3 spell: Stone Arrow
  4228 | D:4      | Reached skill level 3 in Conjurations
  4228 | D:4      | Reached XP level 7. HP: 33/36 MP: 4/12
  4475 | D:4      | Found Tituufat's Lightly-Used Armoury.
  4511 | D:4      | You fall into a shaft and drop 1 floor!
  4511 | D:5      | Entered Level 5 of the Dungeon
  4841 | D:4      | Reached skill level 1 in Fighting
  4841 | D:4      | Reached skill level 4 in Conjurations
  4943 | D:5      | Noticed Grinder
  4987 | D:5      | Reached XP level 8. HP: 44/44 MP: 11/14
  5192 | D:5      | Learned a level 1 spell: Slow
  5286 | D:5      | Found a staircase to the Ecumenical Temple.
  5294 | Temple   | Entered the Ecumenical Temple
  5304 | Temple   | Became a worshipper of Makhleb the Destroyer
  5489 | D:5      | Noticed Blork the orc
  5493 | D:5      | Killed Blork the orc
  5627 | D:5      | Reached skill level 5 in Conjurations
  5627 | D:5      | Reached skill level 1 in Hexes
  5760 | D:5      | Killed Grinder
  6238 | D:6      | Reached XP level 9. HP: 52/52 MP: 14/16
  6382 | D:6      | Reached skill level 5 in Spellcasting
  6382 | D:6      | Reached * piety under Makhleb
  6527 | D:6      | Reached skill level 1 in Armour
  6818 | D:7      | Noticed Prince Ribbit
  6942 | D:7      | Reached skill level 5 in Fighting
  6942 | D:7      | Reached skill level 6 in Conjurations
  7091 | D:7      | Noticed Menkaure
  7094 | D:7      | Killed Menkaure
  7320 | D:7      | Noticed Pikel
  7322 | D:7      | Killed Pikel
  7323 | D:7      | Reached XP level 10. HP: 59/59 MP: 11/18
  7487 | D:7      | Noticed Maggie
  7517 | D:7      | Killed Prince Ribbit
  7678 | D:7      | Reached skill level 1 in Staves
  7749 | D:7      | Reached skill level 5 in Transmutations
  7825 | D:7      | Found a bloodstained altar of Trog.
  7955 | D:7      | Killed Maggie
  8200 | D:8      | Found a runed translucent door.
  8214 | D:8      | Reached skill level 7 in Conjurations
  8249 | D:8      | Reached ** piety under Makhleb
  8286 | D:8      | Found a runed translucent gate.
  8286 | D:8      | Found a runed translucent gate.
  8286 | D:8      | Found a runed translucent gate.
  8286 | D:8      | Found a runed translucent gate.
  8286 | D:8      | Found a runed translucent gate.
  8286 | D:8      | Found a runed translucent gate.
  8286 | D:8      | Noticed a lindwurm
  8286 | D:8      | Noticed a boulder beetle
  8743 | D:8      | Killed an unseen horror
  9249 | D:8      | Reached XP level 11. HP: 66/66 MP: 15/20
  9374 | D:8      | Reached skill level 5 in Armour
 10346 | D:9      | Found Saeluq's Firing Range.
 10521 | D:9      | Reached *** piety under Makhleb
 10531 | D:9      | Reached skill level 5 in Hexes
 10593 | D:9      | Reached skill level 8 in Conjurations
 11108 | D:10     | Entered Level 10 of the Dungeon
 11124 | D:10     | Noticed a two-headed ogre
 11259 | D:10     | Noticed a two-headed ogre
 11272 | D:9      | Learned a level 3 spell: Mephitic Cloud
 11296 | D:10     | Killed a two-headed ogre
 11297 | D:10     | Reached skill level 1 in Poison Magic
 11503 | D:10     | Reached skill level 1 in Air Magic
 11751 | D:10     | Found a broken altar of Ashenzari.
 12027 | D:10     | Found a staircase to the Lair.
 12032 | Lair:1   | Entered Level 1 of the Lair of Beasts
 12110 | Lair:1   | Noticed Gastronok
 12189 | Lair:1   | Killed Gastronok
 12190 | Lair:1   | Reached skill level 1 in Ice Magic
 12340 | Lair:1   | Found a gate leading to a gauntlet.
 12359 | Gauntlet | Entered a Gauntlet
 12359 | Gauntlet | Found a transporter.
 12365 | Gauntlet | Noticed a ghost crab
 12371 | Gauntlet | Found a transporter.
 12372 | Gauntlet | Found a transporter.
 12376 | Gauntlet | Found a transporter.
 12379 | Gauntlet | Noticed a red ugly thing
 12383 | Gauntlet | Found a transporter.
 12383 | Gauntlet | Found a transporter.
 12385 | Gauntlet | Found a transporter.
 12385 | Gauntlet | Noticed a cyan ugly thing
 12387 | Gauntlet | Found a transporter.
 12387 | Gauntlet | Noticed a glowing orange brain
 12387 | Gauntlet | Noticed a glowing orange brain
 12388 | Gauntlet | Noticed an entropy weaver
 12481 | Gauntlet | Found a transporter.
 12481 | Gauntlet | Found a transporter.
 12481 | Gauntlet | Noticed a sixfirhy
 12481 | Gauntlet | Noticed a sixfirhy
 12483 | Gauntlet | Noticed a sixfirhy
 12486 | Gauntlet | Noticed a sixfirhy
 12501 | Gauntlet | Found a transporter.
 12526 | Gauntlet | Noticed a reaper
 12534 | Gauntlet | Found a transporter.
 12614 | Lair:1   | Reached XP level 12. HP: 72/72 MP: 13/23
 12690 | Lair:1   | Noticed Harold
 12796 | Lair:1   | Killed Harold
 13079 | Lair:1   | Found a runed translucent gate.
 13079 | Lair:1   | Found a runed translucent gate.
 13079 | Lair:1   | Found a runed translucent gate.
 13258 | Lair:1   | Reached **** piety under Makhleb
 13259 | Lair:1   | Reached skill level 9 in Conjurations
 13442 | Lair:1   | Noticed bmj180's ghost (journeyman MfIE)
 13916 | Lair:1   | Reached skill level 5 in Poison Magic
 15070 | Lair:3   | You fall into a shaft and drop 2 floors!
 15070 | Lair:5   | Entered Level 5 of the Lair of Beasts
 15076 | Lair:5   | Noticed a five-headed hydra
 15120 | Lair:4   | Noticed a five-headed hydra
 15268 | Lair:5   | Noticed a skyshark
 15278 | Lair:5   | Killed a skyshark
 15278 | Lair:5   | Noticed a death yak
 15280 | Lair:5   | Reached XP level 13. HP: 76/76 MP: 7/25
 15294 | Lair:5   | HP: 3/76 [five-headed hydra (8)]
 15736 | Lair:3   | Reached skill level 5 in Dodging
 15944 | Lair:3   | Reached skill level 10 in Conjurations
 16250 | Lair:3   | Noticed Nergalle
 16259 | Lair:3   | Killed Nergalle
 16487 | Lair:3   | Reached skill level 5 in Ice Magic
 16717 | Lair:3   | Found a staircase to the Snake Pit.
 16735 | Snake:1  | Entered Level 1 of the Snake Pit
 16961 | Lair:3   | Learned a level 4 spell: Petrify
 17245 | Lair:3   | Upgraded the game from 0.31-a0-319-g4fced400ed to
                  | 0.31-a0-358-gac0dbeb3ab
 17451 | Lair:3   | Found a staircase to the Swamp.
 17456 | Swamp:1  | Entered Level 1 of the Swamp
 17654 | Lair:3   | Identified the +7 leather armour of Proximity {Will+ Str-5
                  | Dex+3}
 18219 | Lair:4   | Found a staircase to the Slime Pits.
 18219 | Lair:4   | Found a viscous altar of Jiyva.
 18239 | Slime:1  | Entered Level 1 of the Pits of Slime
 18239 | Slime:1  | Noticed a quicksilver ooze
 18239 | Slime:1  | Noticed an acid blob
 18648 | Lair:4   | Reached skill level 5 in Stealth
 19351 | Lair:4   | Reached skill level 11 in Conjurations
 19817 | Lair:4   | Gained mutation: Your large and strong wings let you fly.
                  | [Gargoyle growth]
 19817 | Lair:4   | Reached XP level 14. HP: 82/82 MP: 10/27
 20014 | Lair:4   | Learned a level 3 spell: Hailstorm
 20020 | Lair:4   | Learned a level 5 spell: Freezing Cloud
 20379 | Lair:5   | Reached ***** piety under Makhleb
 20383 | Lair:5   | Reached skill level 1 in Invocations
 20810 | Lair:5   | Identified the +2 helmet of Gallantry {-Tele rElec Dex+2}
 21924 | Lair:5   | Noticed a dire elephant
 21978 | Lair:5   | Killed a dire elephant
 22135 | Lair:5   | Identified the +0 longbow of Tumult {drain, rF+}
 22443 | D:10     | Found an ancient bone altar of Kikubaaqudgha.
 22558 | D:10     | Reached skill level 10 in Spellcasting
 24552 | D:12     | Found Ypleinwa's Island Escapes.
 24559 | D:12     | Bought a scroll of teleportation for 39 gold pieces
 24600 | D:12     | Reached skill level 12 in Conjurations
 25440 | D:12     | Found a staircase to the Orcish Mines.
 25448 | Orc:1    | Entered Level 1 of the Orcish Mines
 25948 | Orc:1    | Noticed Snorg
 25953 | Orc:1    | Killed Snorg
 25954 | Orc:1    | Reached skill level 10 in Earth Magic
 26511 | Orc:1    | Reached skill level 5 in Air Magic
 26622 | Orc:2    | Entered Level 2 of the Orcish Mines
 26918 | Orc:2    | Found a staircase to the Elven Halls.
 26948 | Elf:1    | Entered Level 1 of the Elven Halls
 27343 | Orc:2    | Reached ****** piety under Makhleb
 27987 | Orc:2    | Reached XP level 15. HP: 84/88 MP: 20/29
 28990 | Orc:2    | Found Levaloepn's General Store.
 29086 | Orc:2    | Found Kufeth's Book Emporium.
 29088 | Orc:2    | Found Jaj Noru's Antique Armour Emporium.
 29100 | Orc:2    | Found Ricsaoc's Antique Weapon Shop.
 29117 | Orc:2    | Bought a book of Iron for 576 gold pieces
 29123 | Orc:2    | Learned a level 5 spell: Lee's Rapid Deconstruction
 29896 | D:13     | Noticed Frances
 30295 | D:13     | Reached skill level 5 in Invocations
 30496 | D:12     | Bought a scroll of fog for 52 gold pieces
 30608 | D:13     | Reached skill level 13 in Conjurations
 30985 | D:13     | Found a gate to the Vaults.
 31666 | D:13     | Upgraded the game from 0.31-a0-358-gac0dbeb3ab to
                  | 0.31-a0-364-gb59cdcccf2
 32326 | D:14     | Noticed Kirke
 32408 | D:13     | Slain by Kirke

Illustrated notes

Levels and vault maps discovered:
D:1:      psy_arrival_terrarium, layout_basic, dreamdust_wishing_well
D:2:      layout_loops_corners, dreamdust_ecumenical_altar_statues,
          serial_shops, shop
D:3:      layout_basic, uniq_ijyb
D:4:      layout_cave_pools, minmay_shop_damaged, kennysheep_small_spiral,
          nicolae_wormholes
D:5:      layout_loops_cross, lemuel_temple_firewalk_a, serial_undead,
          serial_undead_f, serial_undead_d, serial_undead_f, serial_undead_c,
          kennysheep_generic_room_6, uniq_blork_the_orc, uniq_grinder
D:6:      layout_rooms
D:7:      layout_basic, mainiacjoe_overflow_surrounded_room, st_stairs_7,
          minmay_misc_feat_rows, uniq_maggie, uniq_prince_ribbit1, uniq_pikel,
          uniq_menkaure
D:8:      gammafunk_indiana_jones, layout_gridville, serial_bayou,
          serial_bayou_lagoon_b, serial_bayou_pond_e, serial_bayou_crossing,
          serial_bayou_pond_d
D:9:      layout_basic, enter_bailey_4, nicolae_shop_firing_range
D:10:     layout_long_grid, mainiacjoe_overflow_swirl, lair_entry_dummy
D:11:     layout_roguey
D:12:     layout_long_grid, david_orc_4, nicolae_island_escapes
D:13:     layout_basic, grunt_vaults_entry_fortified, nicolae_letterblocks
          [nicolae_letter_subblock, nicolae_letter_subblock,
          nicolae_letter_subblock, nicolae_letter_subblock,
          nicolae_letter_subblock, nicolae_letter_subblock,
          nicolae_letter_subblock, nicolae_letter_subblock,
          nicolae_letter_subblock, nicolae_letter_subblock,
          nicolae_letter_subblock, nicolae_letter_subblock,
          nicolae_letter_subblock, nicolae_letter_subblock,
          nicolae_letter_subblock, nicolae_letter_subblock,
          nicolae_letter_subblock, nicolae_letter_subblock,
          nicolae_letter_subblock, nicolae_letter_subblock,
          nicolae_letter_subblock, nicolae_letter_subblock,
          nicolae_letter_subblock, nicolae_letter_subblock,
          nicolae_letter_subblock], uniq_frances
D:14:     layout_grid_maze, nicolae_two_hexagons, uniq_kirke
Temple:   hellmonk_temple_of_storms
Lair:1:   layout_hall_layers, gammafunk_ghost_icy, gauntlet_entry_generic,
          uniq_harold, uniq_gastronok
Lair:2:   layout_roguey
Lair:3:   nzn_motion_control, layout_loops_ring, palyth_hydra_swamp_entry,
          guppyfry_snake_entry_island, serial_bayou_shore_a,
          infiniplex_staircase_pool_2, uniq_nergalle
Lair:4:   layout_gridlike, minmay_slime_entry_pillars, grunt_megastairs_4,
          lemuel_fruit_tree
Lair:5:   grunt_lair_end_beastmaster, layout_cave_pods,
          cheibrodos_lair_lostbears
Swamp:1:  layout_falls_marsh, evilmike_swamp_ruin_rubble_2, swamp_pool2,
          uniq_josephine
Snake:1:  layout_cave_pods, nicolae_wooded_promenade, st_stairs_13, uniq_azrael,
          uniq_aizul
Slime:1:  layout_caves
Orc:1:    nicolae_orc_accident_2, layout_caves, uniq_snorg
Orc:2:    st_orc_elflike, layout_caves, nicolae_orc_pool_cavern
Elf:1:    eino_elf_arrival_sip, layout_onion_city, minmay_elf_demonology,
          minivault_25_ag, uniq_roxanne

Skill      XL: |  1  2  3  4  5  6  7  8  9 10 11 12 13 14 15 |
---------------+----------------------------------------------+-----
Transmutations | 1 2 3 4 5 |  5.0
Earth Magic    | 4 5 6 7 8 10 11 | 11.6
Conjurations   | 2 3 4 5 6 7 8 9 11 12 13 | 13.2
Spellcasting   | 3 4 5 6 7 8 9 10 | 10.9
Fighting       | 2 4 5 6 7 8 |  8.7
Hexes          | 1 3 4 5 |  5.0
Armour         | 3 4 5 6 |  6.3
Staves         | 3 |  3.6
Dodging        | 3 4 5 |  5.0
Poison Magic   | 3 6 7 |  7.1
Air Magic      | 2 3 4 5 |  5.0
Ice Magic      | 1 3 6 7 |  7.0
Stealth        | 6 |  6.0
Invocations    | 4 5 |  5.7

Action                     |  1- 3 |  4- 6 |  7- 9 | 10-12 | 13-15 || total
---------------------------+-------+-------+-------+-------+-------++-------
  Melee: Staff             |       |       |       |    23 |     5 ||    28
         Unarmed           |       |       |       |       |    17 ||    17
   Cast: Sandblast         |    53 |    98 |   163 |   367 |   182 ||   863
         Slow              |       |       |     6 |     7 |     2 ||    15
         Stone Arrow       |       |       |     5 |    57 |   365 ||   427
         Mephitic Cloud    |       |       |       |    17 |    20 ||    37
         Passwall          |       |       |       |       |     4 ||     4
         Freezing Cloud    |       |       |       |       |   107 ||   107
         Lee's Rapid Decon |       |       |       |       |    71 ||    71
         Petrify           |       |       |       |       |     1 ||     1
    Use: Potion            |       |     1 |     1 |       |    11 ||    13
         Scroll            |       |       |     6 |    15 |     8 ||    29
 Armour: Robe              |     3 |    20 |    21 |   116 |   146 ||   306
  Dodge: Dodged            |     4 |    51 |    64 |   290 |   362 ||   771

Table legend: (Time is in decaauts)
 A = Elapsed time spent in this place.
 B = Non-inter-level travel time spent in this place.
 C = Inter-level travel time spent in this place.
 D = Time resting spent in this place.
 E = Time spent auto-exploring this place.
 F = Levels seen in this place.
 G = Mean time per level.
                   A        B        C        D        E       F      G
               +--------+--------+--------+--------+--------+-----+--------+
         Total |  32967 |  31142 |   1825 |  11243 |  11001 |  27 | 1221.0 |
       Dungeon |  18536 |  17277 |   1259 |   5191 |   7029 |  14 | 1324.0 |
        Temple |     58 |     39 |     19 |      0 |      0 |   1 |   58.0 |
          Lair |  10213 |   9804 |    409 |   4239 |   3060 |   5 | 2042.6 |
         Swamp |      1 |      1 |      0 |      0 |      0 |   1 |    1.0 |
     Snake Pit |      1 |      1 |      0 |      0 |      0 |   1 |    1.0 |
    Slime Pits |      1 |      1 |      0 |      0 |      0 |   1 |    1.0 |
  Orcish Mines |   3887 |   3749 |    138 |   1797 |    912 |   2 | 1943.5 |
   Elven Halls |     27 |     27 |      0 |     16 |      0 |   1 |   27.0 |
      Gauntlet |    237 |    237 |      0 |      0 |      0 |   1 |  237.0 |
               +--------+--------+--------+--------+--------+-----+--------+

Top non-repeatable levels by time:
  Lair:4: 2625 daAuts
  Lair:3: 2537 daAuts
   Orc:2: 2439 daAuts
  Lair:5: 2156 daAuts
    D:12: 2073 daAuts
  Lair:1: 1902 daAuts
     D:8: 1826 daAuts
    D:13: 1645 daAuts
     D:2: 1481 daAuts
   Orc:1: 1448 daAuts
    D:10: 1443 daAuts
    D:11: 1403 daAuts
     D:5: 1399 daAuts
     D:9: 1372 daAuts
     D:7: 1352 daAuts
